Cogmind - Beta 16.1 @@@ ROGUE MODE // 2026.04.19 @ 14:11:44 Player: star Result: Destroyed by G-67 Veteran with Plasma Rifle Performance ------------- Evolutions (7) 3500 Regions Visited (23) 4600 Robots Destroyed (196) 980 Value Destroyed (11726) 11726 Prototype IDs (6) 120 Alien Tech Used (1) 200 Bonus (11764) 11764 TOTAL SCORE: 32890 Bonus ------- High Alert Combat Kills 1984 Follower Combat Kills 5143 Entered Garrisons 1400 Used RIF Installer 4000 Friendly Fire -763 Cogmind --------- Core Integrity 0/1300 Matter 195/300 Energy 89/100 System Corruption 47% Temperature Cool (12) Movement Core (50) Location -3/Garrison Parts ------- > --- POWER (2) -------- (None) > --- PROPULSION (6) --- (None) > --- UTILITY (10) ----- Advanced Heat Sink Improved Targeting Computer Advanced Target Analyzer Graphene Brace (fused) Relay Coupler [Sentry] (12) Relay Coupler [Demolisher] (25) Relay Coupler [Specialist] (21) > --- WEAPON (4) ------- (None) > --- INVENTORY (5) ---- Light Antimatter Reactor Micro Antimatter Reactor Advanced Heat Sink Relay Coupler [NC] (35) Relay Coupler [C] (37) Peak State ------------ > --- POWER ------------ Reinforced Fission Core Particle Reactor > --- PROPULSION ------- Flexi-carbon Leg Flexi-carbon Leg Myomer Leg Myomer Leg Myomer Leg Biometal Leg > --- UTILITY ---------- Advanced Coolant Injector Improved Targeting Computer Advanced Target Analyzer Graphene Brace Relay Coupler [NC] Relay Coupler [C] Relay Coupler [C] Relay Coupler [C] Relay Coupler [Sentry] Relay Coupler [Demolisher] > --- WEAPON ----------- Hypervelocity Gauss Rifle KE Penetrator KE Penetrator Advanced Datajack > --- INVENTORY -------- Light Antimatter Reactor Improved Medium Armor Plating Relay Coupler [NC] Relay Coupler [C] Gamma Bomb Array [Rating: 136] Favorites ----------- Power Micro Antimatter Reactor Engine Angular Momentum Engine Power Core Micro Fission Core Reactor Micro Antimatter Reactor Propulsion Flexi-carbon Leg Treads Improved Heavy Treads Leg Flexi-carbon Leg Wheel Armored Wheel Hover Unit Improved Antigrav System Flight Unit Xenon Bombardment Thruster Utility Relay Coupler [Sentry] Device Advanced Coolant Injector Storage Small Storage Unit Processor Improved Targeting Computer Hackware Relay Coupler [Sentry] Protection Medium Reflective Plating Weapon Advanced Remote Datajack Energy Gun Gamma Rifle Energy Cannon HERF Cannon Ballistic Gun Heavy Machine Gun Ballistic Cannon Heavy Mass Driver Launcher Proton Missile Launcher Special Weapon Advanced Remote Datajack Slashing Weapon Scythe Piercing Weapon Kinetic Spear Special Melee Weapon Advanced Datajack Build | -11 -10 -9 -9 -9 -9 -7 -7 -7 -6 -6 -6 -6 -5 -5 -5 -5 -5 -4 -4 -3 -3 -3 -3 ------- Run | Yrd Mat Mat Sto Gar Rec Fac Gar Fac Fac Was Fac Gar Fac Gar Fac Upp Upp Fac Gar Res Gar Res Gar Slots Evolved 14 | . . 2 . . . 4 . . 2 . . . 2 . . . . 2 . 2 . . . Power 1 | . . . . . . . . . . . . . 1 . . . . . . . . . . Propulsion 4 | . . 2 . . . . . . . . . . 1 . . . . . . 1 . . . Utility 8 | . . . . . . 3 . . 2 . . . . . . . . 2 . 1 . . . Weapon 1 | . . . . . . 1 . . . . . . . . . . . . . . . . . Parts Attached 236 | 7 5 6 3 12 5 13 18 5 12 9 5 15 1 11 1 2 . 3 27 7 50 1 18 Power 25 | 1 . 2 . 2 1 . 2 . 2 . . 1 . 1 . . . . 4 1 6 1 1 Engine 6 | 1 . 2 . 1 1 . 1 . . . . . . . . . . . . . . . . Core 6 | . . . . 1 . . 1 . 1 . . . . 1 . . . . 2 . . . . Reactor 13 | . . . . . . . . . 1 . . 1 . . . . . . 2 1 6 1 1 Propulsion 65 | 3 2 2 3 5 . 2 6 2 4 2 . 3 . 1 . 1 . . 6 1 17 . 5 Treads 7 | . . . . . . . . . . 2 . 3 . 1 . 1 . . . . . . . Leg 36 | 2 2 2 3 1 . . 5 2 3 . . . . . . . . . 6 1 7 . 2 Wheel 8 | 1 . . . 4 . 2 1 . . . . . . . . . . . . . . . . Hover 7 | . . . . . . . . . 1 . . . . . . . . . . . 3 . 3 Flight 7 | . . . . . . . . . . . . . . . . . . . . . 7 . . Utility 80 | 1 1 . . 2 1 5 6 2 3 3 4 4 . 7 . 1 . 3 10 4 16 . 7 Device 22 | . 1 . . 1 . . 2 . 2 1 3 2 . 1 . 1 . 3 1 . 3 . 1 Storage 3 | 1 . . . . . . . 1 . . . . . . . . . . . . 1 . . Processor 15 | . . . . 1 1 3 1 1 1 . 1 2 . . . . . . 2 1 . . 1 Hackware 34 | . . . . . . 1 3 . . . . . . 4 . . . . 7 3 11 . 5 Protection 6 | . . . . . . 1 . . . 2 . . . 2 . . . . . . 1 . . Artifact . | . . . . . . . . . . . . . . . . . . . . . . . . Weapon 66 | 2 2 2 . 3 3 6 4 1 3 4 1 7 1 2 1 . . . 7 1 11 . 5 Energy Gun 17 | 2 . 1 . 2 3 . . . 1 . . . . . . . . . . . 7 . 1 Energy Cannon 2 | . . . . . . . . . . . . 2 . . . . . . . . . . . Ballistic Gun 16 | . 2 1 . . . . 2 . 2 1 . . . . . . . . 7 . 1 . . Ballistic Cannon 12 | . . . . . . . . . . 2 1 4 . . . . . . . . 1 . 4 Launcher 6 | . . . . . . 2 . 1 . 1 . 1 . 1 . . . . . . . . . Special Weapon 5 | . . . . . . 2 . . . . . . . 1 . . . . . . 2 . . Impact Weapon . | . . . . . . . . . . . . . . . . . . . . . . . . Slashing Weapon 6 | . . . . 1 . 2 2 . . . . . 1 . . . . . . . . . . Piercing Weapon 1 | . . . . . . . . . . . . . . . 1 . . . . . . . . Special Melee Weapon 1 | . . . . . . . . . . . . . . . . . . . . 1 . . . Unidentified Prototypes 5 | . . . . . . . . . . . 1 . . . 1 . 1 2 . . . . . Corrupted Parts 8 | . . . . . . . . . 2 . . 1 . . . . . 1 2 . 2 . . System Corruption 41 | . . . . . . . . . 12 . . 1 . . . . . 1 16 . 11 . . Parts Lost 130 | . 2 1 . 8 5 5 12 . 17 3 . . . 2 . . . 1 15 6 27 1 25 Power 14 | . . 1 . 1 1 1 1 . 2 . . . . 1 . . . . 2 . 2 . 2 Propulsion 49 | . 1 . . 3 1 1 6 . 5 1 . . . . . . . . 3 2 16 . 10 Utility 28 | . . . . 1 1 1 1 . 4 2 . . . 1 . . . 1 5 3 2 1 5 Weapon 39 | . 1 . . 3 2 2 4 . 6 . . . . . . . . . 5 1 7 . 8 Highest Loss Streak 14 | . 1 1 . 3 3 3 4 . 11 3 . . . 1 . . . 1 12 3 11 1 14 To Critical Strikes . | . . . . . . . . . . . . . . . . . . . . . . . . Average Backups 5 | 1 5 7 8 7 7 5 4 5 8 5 5 4 4 4 5 5 4 4 3 4 4 5 4 Power . | . 1 . 1 . . . . . . . . . . . . . . . . . 1 1 1 Propulsion . | . 1 1 1 1 2 1 . . 2 . . . 1 . . . . . . . . . . Utility 2 | . . 2 2 2 2 1 4 4 5 3 3 1 . . 2 2 2 1 2 3 2 4 3 Weapon 1 | . 1 3 4 2 2 2 . . . . 2 2 2 2 3 3 2 2 1 1 . . . Tool/Special . | . . . . . . . . . . . . . . . . . . . . . . . . Unused Backups 20 | . 2 1 . 1 1 2 2 1 . 2 . 1 . 1 . . . 1 1 . 2 . 2 Power 2 | . 1 . . . . . . . . . . 1 . . . . . . . . . . . Propulsion 2 | . . . . . . 1 . . . . . . . 1 . . . . . . . . . Utility 14 | . 1 . . . 1 1 2 1 . 2 . . . . . . . 1 1 . 2 . 2 Weapon 2 | . . 1 . 1 . . . . . . . . . . . . . . . . . . . Tool/Special . | . . . . . . . . . . . . . . . . . . . . . . . . Average Slot Usage (%) 78 | . 88 99 100 93 77 76 92 99 77 39 62 65 57 72 82 82 82 79 82 90 82 94 50 Engine 1 | . 14 11 11 4 3 1 4 7 2 1 . . 4 . . . . . . . . . . Core 2 | . . . . 6 1 . . . 1 . . . . 3 5 5 5 5 6 4 2 . . Reactor 3 | . . . . . . . . . . 3 6 6 5 5 5 5 5 5 2 4 4 9 3 Treads 6 | . . . . . . . . . . 7 13 13 11 16 17 17 16 15 2 . . . . Leg 9 | . 27 43 44 24 . . 19 29 20 . . . . . . . . . 15 23 12 18 5 Wheel 3 | . . . . 13 34 24 7 . . . . . . . . . . . . . . . . Device 8 | . 3 11 11 3 . . 6 7 7 . 12 16 11 6 11 11 11 17 11 9 12 12 6 Storage 2 | . 14 11 11 11 11 2 . 4 6 . . . . . . . . . . . 2 . . Processor 8 | . . . . 6 6 15 22 18 18 1 3 2 5 5 5 5 5 5 9 9 9 9 6 Hackware 9 | . . . . . . 5 7 7 4 . . . . 12 17 17 16 15 18 21 17 21 16 Protection 2 | . . . . . . 5 . . . 7 6 6 5 6 5 5 5 2 . . . . . Energy Gun 3 | . 20 11 11 15 9 . . . . 1 . . . . . . . . . . 6 9 2 Ballistic Gun 3 | . 7 11 11 1 . . 9 14 6 3 3 . . . . . . . 10 12 1 . . Ballistic Cannon 3 | . . . . . . . . . . 7 15 13 8 5 5 5 10 9 1 . 1 4 4 Special Weapon 2 | . . . . . . 2 1 . . . . . . 2 4 5 5 5 5 1 2 4 1 Slashing Weapon 2 | . . . . 4 8 15 9 7 2 . . . 2 1 . . . . . . . . . Peak Build Rating 136 | 6 7 12 15 19 20 34 52 54 59 76 86 106 101 100 92 97 104 118 115 117 136 130 126 Average Rating 73 | 3 6 10 13 16 16 26 43 51 45 51 84 93 99 92 91 95 103 112 94 110 108 128 63 On Entrance 65 | . 6 7 12 15 19 18 34 52 53 26 76 86 98 98 92 92 97 104 115 109 104 130 122 Avg Prop Armor Cover (%) 6 | . . . . 16 . . 9 . 26 20 . . . . . . . . . . 2 1 6 Naked Turns 101 | . . . . . . . . . . 101 . . . . . . . . . . . . . Heaviest Build 95 | 12 13 19 19 19 16 15 25 35 36 82 90 95 93 84 51 51 63 64 62 64 58 48 48 Greatest Support 163 | 20 20 40 49 49 48 48 70 76 76 140 140 150 135 155 155 163 163 163 163 143 143 80 80 Greatest Overweight (x) 12 | . 1 . . 1 . . . . 3 3 . . . . . . . . 12 . 4 . 8 Average Overweight (x) . | . . . . . . . . . . . . . . . . . . . . . . . . Largest Inventory Capacity 10 | 8 8 8 8 8 8 8 5 10 10 10 5 5 5 5 5 5 5 5 5 5 5 5 5 Average Capacity 5 | 6 8 8 8 8 8 6 5 7 10 5 5 5 5 5 5 5 5 5 5 5 5 5 5 Most Carried 10 | 3 8 8 8 8 8 8 5 10 10 8 5 5 5 5 5 5 5 5 5 5 5 5 5 Average Carried 5 | 1 5 7 8 7 7 5 4 5 8 5 5 4 5 4 5 4 4 4 3 4 4 5 4 Final Capacity 10 | 8 8 8 8 8 8 5 5 10 10 5 5 5 5 5 5 5 5 5 5 5 5 5 5 Final Carried 10 | 3 8 8 8 8 8 5 5 10 7 5 5 5 5 5 5 5 4 5 5 3 5 5 5 Class Distribution -------------------- 22% | Scavenger-Mutant 15% | Botlord-Gunner 14% | Bothacker-Tank 14% | Mutant 12% | Scavenger-Tank 6% | Tank 5% | Scavenger-Gunner 4% | Commander-Mutant Dominant Class ---------------- Mutant | -10/Materials Scavenger-Mutant | -9/Materials Scavenger-Mutant | -9/Storage Mutant | -9/Garrison Commander-Mutant | -9/Recycling Scavenger-Mutant | -7/Factory Scavenger-Mutant | -7/Garrison Scavenger-Mutant | -7/Factory Scavenger-Mutant | -6/Factory Tank | -6/Waste Tank | -6/Factory Scavenger-Tank | -6/Garrison Tank | -5/Factory Scavenger-Tank | -5/Garrison Bothacker-Tank | -5/Factory Bothacker-Tank | -5/Upper Caves Bothacker-Tank | -5/Upper Caves Bothacker-Gunner | -4/Factory Botlord-Gunner | -4/Garrison Botlord-Gunner | -3/Research Botlord-Gunner | -3/Garrison Botlord-Gunner | -3/Research Mutant | -3/Garrison Resources | -11 -10 -9 -9 -9 -9 -7 -7 -7 -6 -6 -6 -6 -5 -5 -5 -5 -5 -4 -4 -3 -3 -3 -3 ----------- Run | Yrd Mat Mat Sto Gar Rec Fac Gar Fac Fac Was Fac Gar Fac Gar Fac Upp Upp Fac Gar Res Gar Res Gar Matter Collected 9002 | 218 257 88 64 185 59 329 519 116 200 198 2 725 188 1125 . 518 75 238 1323 576 1337 46 616 Remotely . | . . . . . . . . . . . . . . . . . . . . . . . . Salvage Created 9635 | . 482 193 117 870 628 569 750 403 379 262 2 799 114 789 . 180 45 244 673 787 918 72 359 Parts 448 | . 33 10 6 54 31 20 44 28 12 1 . 32 4 23 . 9 3 10 23 42 45 2 16 Haulers Intercepted 5 | . 2 . . . . 1 . 2 . . . . . . . . . . . . . . . Recyclers Shooed 5 | . . 1 . . 1 1 . . 1 . . . 1 . . . . . . . . . . Parts Field Recycled . | . . . . . . . . . . . . . . . . . . . . . . . . Retrieved Matter . | . . . . . . . . . . . . . . . . . . . . . . . . Parts Self-Destructed 39 | . . . . . . . . . . . . . . . . 32 7 . . . . . . Prevented 10 | . . . . . . . . . . . . . . . . 10 . . . . . . . Parts Restored . | . . . . . . . . . . . . . . . . . . . . . . . . Kills | -11 -10 -9 -9 -9 -9 -7 -7 -7 -6 -6 -6 -6 -5 -5 -5 -5 -5 -4 -4 -3 -3 -3 -3 ------- Run | Yrd Mat Mat Sto Gar Rec Fac Gar Fac Fac Was Fac Gar Fac Gar Fac Upp Upp Fac Gar Res Gar Res Gar Combat Hostiles Destroyed 161 | . 12 5 3 21 4 11 20 2 8 1 . 6 2 19 . 4 1 4 13 7 9 . 9 Melee 16 | . . . . 2 2 4 7 . . . . . 1 . . . . . . . . . . Guns 69 | . 8 5 3 19 2 . 6 . 2 . . . . . . . . . 11 7 6 . . Cannons 48 | . . . . . . . . . . . . 6 1 19 . 4 1 4 2 . 2 . 9 AOE 24 | . 3 . . . . 7 7 2 4 1 . . . . . . . . . . . . . Classes Destroyed 22 | . 4 2 . 2 3 2 1 2 2 1 . 1 . 1 . . . 1 . . . . . Worker 7 | . 1 . . . . 3 . 2 . . 1 . . . . . . . . . . . . Builder 5 | . . . . . 1 . . 1 . . . . . . . . . 1 . 2 . . . Tunneler 1 | . . . . . . . . 1 . . . . . . . . . . . . . . . Hauler 5 | . 2 . . . . 1 . 2 . . . . . . . . . . . . . . . Recycler 5 | . . 1 . . 1 1 . 1 . . . . . . . . . . . 1 . . . Mechanic 1 | . . . . . . . . . . . . . . . . . . . . . 1 . . Operator 2 | . . . . . . . . . 1 . . . . . . . . . . 1 . . . Watcher 2 | . . . . . . . . 1 . . . . . . . . . . . 1 . . . Swarmer 28 | . 6 3 . 6 . . 8 . . . . . . 1 . . . . 3 . 1 . . Grunt 74 | . 6 . 1 12 1 8 7 2 2 . . 4 . 13 . 2 . . 3 1 7 1 4 Brawler 6 | . . . . . 1 1 . . . . . 1 . . . . . . 1 1 1 . . Duelist 7 | . . . . 1 . 1 3 . . . . . . . . . . 1 1 . . . . Protector 1 | . . . . . . 1 . . . . . . . . . . . . . . . . . Sentry 14 | . . 2 2 1 1 . . . . . . 1 2 . . . . 1 2 2 . . . Demolisher 3 | . . . . . 1 . . . 1 . . . . . . . . . 1 . . . . Specialist 2 | . . . . . . . 2 . . . . . . . . . . . . . . . . Hunter 7 | . . . . . . 1 . . 1 . . . . . . 1 1 2 1 . . . . Programmer 17 | . . . . 1 . . . . 1 . . . . 4 . . . . 1 3 2 . 5 Heavy 1 | . . . . . . . . . . . . . . . . . . 1 . . . . . Behemoth 3 | . . . . . . . . . . . . . . 1 . 1 . . . . 1 . . Compactor 1 | . . . . . . . . . . 1 . . . . . . . . . . . . . Assembled 3 | . . . . . . . . . 3 . . . . . . . . . . . . . . Surgeon 1 | . . . . . . . . . . . . 1 . . . . . . . . . . . Wasp 2 | . . . . . . . . . . . . 2 . . . . . . . . . . . Martyr 1 | . . . . . . . . . . . . 1 . . . . . . . . . . . Best Kill Streak 7 | . 3 3 3 5 4 7 4 4 3 1 1 1 1 3 . 2 1 1 3 4 3 . 3 Combat Bots Only 6 | . 3 3 3 5 2 6 4 2 3 1 . 1 1 3 . 2 1 1 3 2 3 . 3 Max Kills in Single Turn 3 | . 3 1 1 2 1 2 2 2 1 1 1 2 1 1 . 1 1 1 2 3 1 1 2 Gunslinging 1 | . . . . 1 . . 1 . . . . . . . . . . . 1 1 . . . Exploded 3 | . 3 . . . . 2 2 1 1 1 . . . . . . . . . . . . . Melee 1 | . . . . 1 1 1 1 . . . . . 1 . . . . . . . . . . Uniques/NPCs Destroyed . | . . . . . . . . . . . . . . . . . . . . . . . . Combat | -11 -10 -9 -9 -9 -9 -7 -7 -7 -6 -6 -6 -6 -5 -5 -5 -5 -5 -4 -4 -3 -3 -3 -3 -------- Run | Yrd Mat Mat Sto Gar Rec Fac Gar Fac Fac Was Fac Gar Fac Gar Fac Upp Upp Fac Gar Res Gar Res Gar Hostile Shots Fired 1347 | . 47 19 19 95 20 102 97 3 94 3 . 70 23 71 . 18 6 43 184 44 168 . 221 Missed 379 | . 7 3 8 18 6 31 25 2 29 . . 16 9 18 . 4 1 9 60 9 48 . 76 Hits 968 | . 40 16 11 77 14 71 72 1 65 3 . 54 14 53 . 14 5 34 124 35 120 . 145 Melee 25 | . . . . 4 . . 2 . 2 3 . . . . . . . . 11 3 . . . Projectile 943 | . 40 16 11 73 14 71 70 1 63 . . 54 14 53 . 14 5 34 113 32 120 . 145 AOE 23 | . . . . . 1 . . . 14 . . . . . . . . . 3 . . . 5 Critical Strikes 42 | . . 1 . 3 . 1 5 . 2 2 . . . 3 . 1 . 1 4 1 8 . 10 Actively Blocked 24 | . . . . . . . . . . . . . . . . . . 1 4 1 8 . 10 Part Disruptions 4 | . . . . . . . . . . . . . . 1 . . . . . . 2 . 1 Damage Taken 19402 | . 489 151 144 850 180 800 1363 44 1545 216 . 747 123 1130 . 282 90 1121 2769 1017 2823 54 3464 Core 3582 | . 135 38 . 103 32 217 423 24 394 156 . 49 4 47 . 26 17 170 432 151 267 . 897 Absorbed by Shields 430 | . . . . 71 14 72 47 . . . . . . . . . . . 73 . 73 . 80 Ignored by Resistances 453 | . . . . . . . . . . . . 85 171 142 . 23 . . . . 32 . . Regen/Repaired (Parts) 1183 | . . . . . . . . . . 25 . 73 . 6 . . . 534 45 354 146 . . Core Remaining (%) 53 | 100 46 . . . 56 . . 5 . . . 29 . . . . 90 . 47 . . . . Volleys Fired 656 | . 55 11 8 59 8 18 37 6 28 5 . 41 3 76 4 16 2 33 71 34 83 2 56 Largest 4 | . 2 2 2 2 2 1 2 1 2 3 . 3 2 1 1 1 2 2 3 3 4 3 3 Hottest 268 | . 90 85 88 115 90 30 55 39 69 116 . 184 119 80 10 65 119 119 120 99 268 205 205 Shots Fired 1112 | . 89 22 16 104 15 18 59 6 30 14 . 95 4 76 4 16 4 48 143 95 164 8 82 Gun 651 | . 89 22 16 104 15 . 43 . 18 10 . . . . . . . . 102 91 116 6 19 Cannon 334 | . . . . . . . . . . . . 94 4 72 . 14 4 39 31 . 16 2 58 Launcher 53 | . . . . . . 12 11 6 12 4 . 1 . 1 . . . . . 2 4 . . Special 74 | . . . . . . 6 5 . . . . . . 3 4 2 . 9 10 2 28 . 5 Kinetic 684 | . 25 11 8 23 . . 43 . 8 . . 84 4 72 . 14 4 39 133 91 65 2 58 Thermal 164 | . 34 11 8 47 . . . . 10 10 . . . . . . . . . . 25 3 16 Explosive 28 | . . . . . . 12 11 . . 4 . 1 . . . . . . . . . . . Electromagnetic 162 | . 30 . . 34 15 . . 6 12 . . 10 . 1 . . . . . 2 46 3 3 Robot Hit Streak 28 | . 10 6 9 13 4 6 8 2 6 11 . 4 2 10 2 9 1 8 17 28 8 7 11 Robot Miss Streak 8 | . 3 2 4 8 2 3 4 2 4 2 . 5 . 4 2 1 2 3 5 2 3 1 3 Penetration Max 2 | . . . . . . . . . 1 . . 2 . . . . . . 1 2 1 . . Secondary Targets 7 | . . . . 3 . . 1 . . . . . . . . . . . 1 2 . . . Max Gunslinging Chain 1 | . . . . 1 . . 1 . . . . . . . . . . . 1 1 . . . Shots Hit Robots 742 | . 58 17 12 93 27 27 50 9 24 8 . 31 5 39 2 8 1 30 85 74 90 7 45 Core Hits 397 | . 22 18 15 53 14 38 37 11 18 4 . 23 4 20 . 4 1 7 32 31 31 3 11 Critical Kills 25 | . . . . . . . 2 . . . . 10 . . . . . . 4 5 4 . . Critical Parts Destroyed 22 | . . . . . . . . . . . . 13 . . . . . . 3 5 1 . . Critical Strikes 93 | . 1 . . 5 . 4 3 . 2 . . 24 . 5 . . . 2 13 15 12 . 7 Burn 7 | . 1 . . 3 . . . . 1 . . . . . . . . . . . 1 . 1 Destroy 56 | . . . . . . . 2 . . . . 24 . . . . . . 10 15 5 . . Blast 19 | . . . . . . . . . . . . . . 5 . . . 2 3 . 3 . 6 Corrupt 3 | . . . . . . . . . . . . . . . . . . . . . 3 . . Sever 8 | . . . . 2 . 4 1 . 1 . . . . . . . . . . . . . . Melee Attacks 170 | . . . . 34 20 32 44 10 14 . . . 5 . . . . . . 5 6 . . Impact . | . . . . . . . . . . . . . . . . . . . . . . . . Slashing 159 | . . . . 34 20 32 44 10 14 . . . 5 . . . . . . . . . . Piercing . | . . . . . . . . . . . . . . . . . . . . . . . . Sneak Attacks 16 | . . . . . 1 4 . 6 . . . . 1 . . . . . . 2 2 . . Combat Hostiles . | . . . . . . . . . . . . . . . . . . . . . . . . Follow-up Attacks 4 | . . . . . . 3 1 . . . . . . . . . . . . . . . . Damage Inflicted 24910 | . 770 215 213 2230 1317 2001 1678 821 1102 320 7 1269 347 2951 . 439 57 1256 2140 1687 1860 213 2017 Guns 7287 | . 676 215 213 1002 177 . 484 . 254 64 . . . . . . . . 1080 1522 1244 138 218 Cannons 9295 | . . . . . . . . . . . . 1192 133 2929 . 439 57 1252 1049 . 370 75 1799 Explosions 3541 | . 94 . . . . 1190 552 314 625 256 . 77 . 22 . . . . . 165 246 . . Melee 4669 | . . . . 1228 1140 811 630 483 223 . . . 154 . . . . . . . . . . Ramming 118 | . . . . . . . 12 24 . . 7 . 60 . . . . 4 11 . . . . Kinetic 13428 | . 135 76 73 184 . . 484 . 74 . . 1083 133 2929 . 439 57 1252 2129 1522 984 75 1799 Thermal 2022 | . 356 139 140 495 . . . . 296 64 . . . . . . . . . . 266 66 200 Explosive 2260 | . . . . . . 1190 552 185 . 256 . 77 . . . . . . . . . . . Electromagnetic 2413 | . 279 . . 323 177 . . 129 509 . . 109 . 22 . . . . . 165 610 72 18 Impact . | . . . . . . . . . . . . . . . . . . . . . . . . Slashing 4669 | . . . . 1228 1140 811 630 483 223 . . . 154 . . . . . . . . . . Piercing . | . . . . . . . . . . . . . . . . . . . . . . . . Highest Corruption 47 | . . . . 2 2 . 1 3 12 12 12 13 . 2 2 2 2 1 23 8 31 31 47 Average Corruption 10 | . . . . 1 2 . 1 1 10 12 12 12 . 1 2 2 2 1 19 3 23 31 38 Corruption Purged . | . . . . . . . . . . . . . . . . . . . . . . . . Corruption Blocked . | . . . . . . . . . . . . . . . . . . . . . . . . Effects 455 | . . . . 17 9 . 9 7 15 39 10 60 . 19 8 19 6 5 76 7 98 6 45 Message Errors 116 | . . . . 7 1 . 1 3 3 10 3 16 . 8 4 2 1 1 19 1 21 2 13 Matter Fused 102 | . . . . 2 1 . 4 2 4 7 4 13 . 3 2 8 1 . 17 2 24 1 7 Heat Flow Errors 48 | . . . . 2 3 . . . 1 5 2 11 . 1 . 3 . . 4 . 9 . 7 Energy Discharges 42 | . . . . 1 1 . . 1 2 5 . 5 . 2 2 3 . 2 9 . 8 . 1 Parts Rejected 6 | . . . . . . . . . 1 . . 1 . 1 . . . . . . 1 . 2 Parts Fused 6 | . . . . . . . . . . . . . . . . . . . 4 1 . . 1 Data Loss (minor) 52 | . . . . 1 1 . 3 . 3 3 1 7 . 2 . 2 2 2 7 2 13 . 3 Data Loss (major) 19 | . . . . 2 . . . 1 . 2 . 2 . . . . 2 . 2 . 5 . 3 Misfires 18 | . . . . 2 . . 1 . . . . 3 . 1 . . . . . 1 6 2 2 Alerts 11 | . . . . . 1 . . . . . . 2 . . . 1 . . 3 . 3 1 . Misdirections 12 | . . . . . . . . . . 7 . . . . . . . . 2 . 1 . 2 Weapon Failures 23 | . . . . . 1 . . . 1 . . . . 1 . . . . 9 . 7 . 4 Overload Shots . | . . . . . . . . . . . . . . . . . . . . . . . . Overflow Damage 1424 | . 13 . . 93 327 49 37 54 22 . . 35 24 259 . 29 . 75 98 . 1 . 308 Projectiles 804 | . . . . . . . . . . . . 35 . 259 . 29 . 75 98 . . . 308 Explosions 95 | . 13 . . . . 25 37 . 19 . . . . . . . . . . . 1 . . Melee 525 | . . . . 93 327 24 . 54 3 . . . 24 . . . . . . . . . . Knockbacks 45 | . . . . . . . . . . . . 6 . 14 . 1 . 4 5 . 2 . 13 Impact . | . . . . . . . . . . . . . . . . . . . . . . . . Kinetic 41 | . . . . . . . . . . . . 4 . 13 . 1 . 4 4 . 2 . 13 Secondary 4 | . . . . . . . . . . . . 2 . 1 . . . . 1 . . . . Self-Inflicted Damage 319 | . 36 . . . . . 85 24 21 . . 5 . 6 . . . . . 89 53 . . Shots 21 | . 1 . . . . . 4 . 2 . . 1 . 1 . . . . . 7 5 . . Rammed 9 | . . . . . . . . . . . . . 5 . . . . 1 3 . . . . Targets Rammed 10 | . . . . . . . . . . . 1 . 5 . . . . 1 3 . . . . Kicked . | . . . . . . . . . . . . . . . . . . . . . . . . Crushed 1 | . . . . . . . . . . . 1 . . . . . . . . . . . . Highest Temperature 472 | . 243 4 12 264 270 10 88 13 96 252 472 387 30 295 . 252 108 177 197 199 185 126 254 Average Temperature 75 | . 57 4 5 64 76 5 28 13 61 89 175 111 12 73 . 54 54 57 61 69 47 69 81 Received Heat Transfer 2914 | . 207 18 51 219 71 325 285 9 224 9 . 189 9 454 . 39 . 12 126 111 297 . 259 Effects 11 | . 1 . . 1 . . . . . . 2 4 . 3 . . . . . . . . . Shutdowns 1 | . . . . . . . . . . . . 1 . . . . . . . . . . . Energy Bleed 2 | . . . . 1 . . . . . . 1 . . . . . . . . . . . . Interference 4 | . 1 . . . . . . . . . . . . 3 . . . . . . . . . Short Circuit 2 | . . . . . . . . . . . . 2 . . . . . . . . . . . Damage (minor) 2 | . . . . . . . . . . . 1 1 . . . . . . . . . . . Siege Activations 1 | . . . . . . . . . . . . . . . . . . 1 . . . . . Total Turns 1 | . . . . . . . . . . . . . . . . . . 1 . . . . . Longest Duration 1 | . . . . . . . . . . . . . . . . . . 1 . . . . . Martial Activations . | . . . . . . . . . . . . . . . . . . . . . . . . Shielding Activations . | . . . . . . . . . . . . . . . . . . . . . . . . Robots Disrupted . | . . . . . . . . . . . . . . . . . . . . . . . . Combat Hostiles . | . . . . . . . . . . . . . . . . . . . . . . . . Robots Corrupted 4 | . 1 . . . . . . . 1 . . . . . . . . . . . 2 . . Combat Hostiles 3 | . 1 . . . . . . . 1 . . . . . . . . . . . 1 . . Parts Fried 8 | . 2 . . . . . . 1 1 . . . . . . . . . . 1 3 . . Impact Corruptions . | . . . . . . . . . . . . . . . . . . . . . . . . Robots Melted 1 | . . . . . . . . . 1 . . . . . . . . . . . . . . Combat Hostiles 1 | . . . . . . . . . 1 . . . . . . . . . . . . . . Parts Melted 6 | . 1 . 1 1 . . . . 2 . . . . . . . . . . . 1 . . Heat Transferred 4396 | . 951 180 180 1110 . . . . 570 185 . . . . . . . . . . 559 150 511 Parts Sabotaged . | . . . . . . . . . . . . . . . . . . . . . . . . Parts Stolen . | . . . . . . . . . . . . . . . . . . . . . . . . Parts Stripped . | . . . . . . . . . . . . . . . . . . . . . . . . Power Chain Reactions 3 | . 1 . . . . . . . 1 . . . . . . . . . . . 1 . . Alert | -11 -10 -9 -9 -9 -9 -7 -7 -7 -6 -6 -6 -6 -5 -5 -5 -5 -5 -4 -4 -3 -3 -3 -3 ------- Run | Yrd Mat Mat Sto Gar Rec Fac Gar Fac Fac Was Fac Gar Fac Gar Fac Upp Upp Fac Gar Res Gar Res Gar Maximum Alert Level 5 | . . . . 3 2 2 4 3 1 . . 4 3 5 4 . . 3 4 2 3 2 1 Low Security (%) 17 | 100 100 100 100 10 . 10 . . 82 100 100 23 . . . . . . . . . . 8 Level 1 15 | . . . . 21 73 22 . . 17 . . 3 . . . . . 46 . . 29 . 91 Level 2 28 | . . . . 31 26 67 30 98 . . . 3 89 4 . . . 49 24 100 50 100 . Level 3 22 | . . . . 36 . . 57 1 . . . 29 10 40 . . . 4 60 . 19 . . Level 4 11 | . . . . . . . 12 . . . . 40 . 18 100 . . . 15 . . . . Level 5 4 | . . . . . . . . . . . . . . 36 . . . . . . . . . High Security . | . . . . . . . . . . . . . . . . . . . . . . . . Max Security . | . . . . . . . . . . . . . . . . . . . . . . . . Peak Influence 2467 | . 167 82 99 927 432 692 1174 704 251 12 10 1352 752 2467 1297 . . 751 1126 647 857 481 374 Initial 1295 | . . 36 29 57 417 191 432 616 251 . . . 709 526 1295 . . 270 520 630 447 481 308 Average 639 | . 113 57 52 565 360 504 856 596 94 . . 802 629 1397 1222 . . 398 804 600 505 453 302 Influence Increases 11899 | . 319 136 90 970 341 931 922 192 159 37 10 1492 241 1981 88 496 100 817 830 361 970 . 416 Destroy 0b10 Robot/C 5120 | . 240 100 60 500 160 420 440 40 100 . . 700 100 820 . 240 40 240 400 140 200 . 180 Destroy 0b10 Robot/NC 290 | . 15 5 . 15 75 40 . 40 5 . 5 20 10 5 10 . . 20 . 20 5 . . Destroy Leader 682 | . 44 30 30 40 . 94 20 16 30 . . 30 42 30 2 50 10 72 40 52 20 . 30 Allied During Kill 1980 | . . . . 15 106 247 7 . . . 5 467 66 556 8 206 35 159 72 14 17 . . Successful Hack 111 | . . . . 51 . . . . . . . 14 . 30 . . . . 16 . . . . Disable Machine 405 | . 15 . . 15 . 45 30 60 . . . 45 15 . . . . 180 . . . . . Anti-Garrison Action 1850 | . . . . 200 . . 350 . . . . 100 . 350 . . . . 250 . 550 . 50 Destroy Structure 1021 | . 5 1 . 89 . 35 60 36 9 37 . 116 8 175 68 . . 146 52 60 58 . 66 Advance Influence 50 | . . . . . . 50 . . . . . . . . . . . . . . . . . Lose Combat Pursuer 390 | . . . . 45 . . 15 . 15 . . . . 15 . . 15 . . 75 120 . 90 Influence Decreases 11555 | . 232 151 73 132 930 651 366 852 673 37 10 140 841 266 1426 996 300 503 453 884 710 446 483 Entered New Map 5920 | . . 51 43 32 510 197 186 558 263 . . . 643 226 1172 418 120 159 223 490 150 376 103 Time Decay 3303 | . 212 90 30 . 310 254 . 294 276 9 10 . 198 . 254 538 180 294 . 294 . 60 . Lost Part 1234 | . 20 10 . 80 50 50 120 . 134 . . . . 20 . . . 10 150 60 270 10 250 Lost Ally 1098 | . . . . 20 60 150 60 . . 28 . 140 . 20 . 40 . 40 80 40 290 . 130 Squads Dispatched 22 | . 1 . 3 . . 8 . 1 2 . . . 2 . 1 . . 2 . 2 . . . Investigation 1 | . 1 . . . . . . . . . . . . . . . . . . . . . . Extermination 5 | . . . . . . . . 1 1 . . . . . . . . 1 . 2 . . . Reinforcement 7 | . . . 1 . . 4 . . 1 . . . . . . . . 1 . . . . . Assault 3 | . . . . . . 2 . . . . . . . . 1 . . . . . . . . Garrison 6 | . . . 2 . . 2 . . . . . . 2 . . . . . . . . . . Intercept . | . . . . . . . . . . . . . . . . . . . . . . . . Searches Triggered . | . . . . . . . . . . . . . . . . . . . . . . . . Construction Impeded 1 | . . . . . . 1 . . . . . . . . . . . . . . . . . Haulers Reinforced 2 | . . . . . . 2 . . . . . . . . . . . . . . . . . Active Scanning Responses . | . . . . . . . . . . . . . . . . . . . . . . . . Cargo Convoy Interrupts . | . . . . . . . . . . . . . . . . . . . . . . . . Alert ID Control Effect 31 | . . . . . . . 1 . . . . . . 2 . 3 . . 2 2 10 6 5 Stealth | -11 -10 -9 -9 -9 -9 -7 -7 -7 -6 -6 -6 -6 -5 -5 -5 -5 -5 -4 -4 -3 -3 -3 -3 --------- Run | Yrd Mat Mat Sto Gar Rec Fac Gar Fac Fac Was Fac Gar Fac Gar Fac Upp Upp Fac Gar Res Gar Res Gar Distress Signals 5 | . . . . . 1 2 . 1 . . . . . . . . . . . . . 1 . Communications Jammed 11 | . . . . . . . . . . . . . . . . . . 9 . 2 . . . Distress Signals 11 | . . . . . . . . . . . . . . . . . . 9 . 2 . . . Times Spotted 371 | . 17 8 4 22 10 23 27 2 23 13 1 25 7 38 3 13 2 14 26 18 48 3 24 Peak Tracking Total 7 | . 4 4 2 7 4 5 6 1 5 6 1 7 4 5 1 3 2 3 4 4 7 2 7 Tactical Retreats 22 | . . . . 3 . . 1 . 1 2 . . . 1 . . 1 . . 4 6 . 3 Traps | -11 -10 -9 -9 -9 -9 -7 -7 -7 -6 -6 -6 -6 -5 -5 -5 -5 -5 -4 -4 -3 -3 -3 -3 ------- Run | Yrd Mat Mat Sto Gar Rec Fac Gar Fac Fac Was Fac Gar Fac Gar Fac Upp Upp Fac Gar Res Gar Res Gar Traps Triggered 25 | . . . . 4 . . 5 1 1 . . . . 1 . . . . 6 . 5 1 1 Indirectly 1 | . . . . . . . . . . . . . . . . . . . . . 1 . . Trap Hack Attempts 1 | . . . . . . . . . . . . . . . . . . . . . 1 . . Triggered . | . . . . . . . . . . . . . . . . . . . . . . . . Disarmed . | . . . . . . . . . . . . . . . . . . . . . . . . Reprogrammed . | . . . . . . . . . . . . . . . . . . . . . . . . Reused . | . . . . . . . . . . . . . . . . . . . . . . . . Traps Extracted . | . . . . . . . . . . . . . . . . . . . . . . . . Installed . | . . . . . . . . . . . . . . . . . . . . . . . . Triggered . | . . . . . . . . . . . . . . . . . . . . . . . . Machines | -11 -10 -9 -9 -9 -9 -7 -7 -7 -6 -6 -6 -6 -5 -5 -5 -5 -5 -4 -4 -3 -3 -3 -3 ---------- Run | Yrd Mat Mat Sto Gar Rec Fac Gar Fac Fac Was Fac Gar Fac Gar Fac Upp Upp Fac Gar Res Gar Res Gar Machines Disabled 48 | . 1 . . 2 . 3 6 4 . . . 4 1 3 . 1 . 12 4 . 5 . 2 Max in Single Turn 3 | . 1 . . 1 . . 1 3 . . . 1 . 1 . 1 . . 1 . 1 . 1 Garrison Access 1 | . . . . . . 1 . . . . . . . . . . . . . . . . . Garrison Relay 17 | . . . . 1 . . 4 . . . . . . 3 . . . . 3 . 5 . 1 Machines Repaired . | . . . . . . . . . . . . . . . . . . . . . . . . Machines Dismantled . | . . . . . . . . . . . . . . . . . . . . . . . . Machines Sabotaged . | . . . . . . . . . . . . . . . . . . . . . . . . Overloaded Fab Kills . | . . . . . . . . . . . . . . . . . . . . . . . . Hacking | -11 -10 -9 -9 -9 -9 -7 -7 -7 -6 -6 -6 -6 -5 -5 -5 -5 -5 -4 -4 -3 -3 -3 -3 --------- Run | Yrd Mat Mat Sto Gar Rec Fac Gar Fac Fac Was Fac Gar Fac Gar Fac Upp Upp Fac Gar Res Gar Res Gar Machines Accessed 24 | . . 1 1 5 1 2 1 . . . 1 1 1 2 . 1 . 1 1 1 3 1 . Terminals 14 | . . . . 5 1 . 1 . . . . 1 . 2 . . . . 1 . 3 . . Fabricators . | . . . . . . . . . . . . . . . . . . . . . . . . Repair Stations . | . . . . . . . . . . . . . . . . . . . . . . . . Recycling Units . | . . . . . . . . . . . . . . . . . . . . . . . . Scanalyzers 1 | . . 1 . . . . . . . . . . . . . . . . . . . . . Garrison Access 8 | . . . 1 . . 2 . . . . 1 . 1 . . . . 1 . 1 . 1 . Total Hacks 41 | . . 2 2 11 6 2 2 . . . 1 1 1 2 . 1 . 1 1 1 6 1 . Successful 24 | . . 2 1 5 3 2 . . . . 1 1 1 2 . 1 . 1 1 1 1 1 . Failed 17 | . . . 1 6 3 . 2 . . . . . . . . . . . . . 5 . . Catastrophic 5 | . . . . . 1 . 1 . . . . . . . . . . . . . 3 . . Database Lockouts . | . . . . . . . . . . . . . . . . . . . . . . . . Manual . | . . . . . . . . . . . . . . . . . . . . . . . . Terminals 29 | . . . . 11 6 . 2 . . . . 1 . 2 . . . . 1 . 6 . . Fabricators . | . . . . . . . . . . . . . . . . . . . . . . . . Repair Stations . | . . . . . . . . . . . . . . . . . . . . . . . . Recycling Units . | . . . . . . . . . . . . . . . . . . . . . . . . Scanalyzers 2 | . . 2 . . . . . . . . . . . . . . . . . . . . . Garrison Access 9 | . . . 2 . . 2 . . . . 1 . 1 . . . . 1 . 1 . 1 . Terminal Hacks 14 | . . . . 5 3 . . . . . . 1 . 2 . 1 . . 1 . 1 . . Robot Analysis 1 | . . . . . 1 . . . . . . . . . . . . . . . . . . Prototype ID Bank 1 | . . . . . 1 . . . . . . . . . . . . . . . . . . Open Door 3 | . . . . 1 . . . . . . . . . . . 1 . . . . 1 . . Emergency Access Points 1 | . . . . 1 . . . . . . . . . . . . . . . . . . . Hauler Manifests 1 | . . . . . 1 . . . . . . . . . . . . . . . . . . Garrison Registry 2 | . . . . 1 . . . . . . . 1 . . . . . . . . . . . Patrol Navigation 2 | . . . . 1 . . . . . . . . . 1 . . . . . . . . . Security Stations 3 | . . . . 1 . . . . . . . . . 1 . . . . 1 . . . . Fabricator Hacks . | . . . . . . . . . . . . . . . . . . . . . . . . Repair Station Hacks . | . . . . . . . . . . . . . . . . . . . . . . . . Recycling Unit Hacks . | . . . . . . . . . . . . . . . . . . . . . . . . Scanalyzer 2 | . . 2 . . . . . . . . . . . . . . . . . . . . . Retrieve Study 2 | . . 2 . . . . . . . . . . . . . . . . . . . . . Garrison Access Hacks 8 | . . . 1 . . 2 . . . . 1 . 1 . . . . 1 . 1 . 1 . Unlock Access 8 | . . . 1 . . 2 . . . . 1 . 1 . . . . 1 . 1 . 1 . Unauthorized Hacks . | . . . . . . . . . . . . . . . . . . . . . . . . Terminals . | . . . . . . . . . . . . . . . . . . . . . . . . Fabricators . | . . . . . . . . . . . . . . . . . . . . . . . . Repair Stations . | . . . . . . . . . . . . . . . . . . . . . . . . Recycling Units . | . . . . . . . . . . . . . . . . . . . . . . . . Scanalyzers . | . . . . . . . . . . . . . . . . . . . . . . . . Garrison Access . | . . . . . . . . . . . . . . . . . . . . . . . . Data Cores Recovered 1 | . . . . . . . . . 1 . . . . . . . . . . . . . . Used . | . . . . . . . . . . . . . . . . . . . . . . . . Hacking Detections 15 | . . . 1 4 1 . 1 . . . 1 1 . 1 . . . . 1 . 3 1 . Full Trace Events 5 | . . . . 1 1 . 1 . . . . . . . . . . . . . 2 . . Feedback Events 2 | . . . . . . . . . . . . . . . . . . . . . 2 . . Corruption 2 | . . . . . . . . . . . . . . . . . . . . . 2 . . Feedback Blocked . | . . . . . . . . . . . . . . . . . . . . . . . . Robot Schematics Acquired . | . . . . . . . . . . . . . . . . . . . . . . . . Robots Built . | . . . . . . . . . . . . . . . . . . . . . . . . Authchips . | . . . . . . . . . . . . . . . . . . . . . . . . Time . | . . . . . . . . . . . . . . . . . . . . . . . . Total Robot Build Rating . | . . . . . . . . . . . . . . . . . . . . . . . . Part Schematics Acquired . | . . . . . . . . . . . . . . . . . . . . . . . . Parts Built . | . . . . . . . . . . . . . . . . . . . . . . . . Authchips . | . . . . . . . . . . . . . . . . . . . . . . . . Time . | . . . . . . . . . . . . . . . . . . . . . . . . Total Part Build Rating . | . . . . . . . . . . . . . . . . . . . . . . . . Part Studies Acquired 2 | . . 2 . . . . . . . . . . . . . . . . . . . . . Parts Repaired . | . . . . . . . . . . . . . . . . . . . . . . . . Time . | . . . . . . . . . . . . . . . . . . . . . . . . Parts Recycled . | . . . . . . . . . . . . . . . . . . . . . . . . Recycled Matter . | . . . . . . . . . . . . . . . . . . . . . . . . Retrieved Matter . | . . . . . . . . . . . . . . . . . . . . . . . . Retrieved Components . | . . . . . . . . . . . . . . . . . . . . . . . . Parts Scanalyzed . | . . . . . . . . . . . . . . . . . . . . . . . . Part Schematics Acquired . | . . . . . . . . . . . . . . . . . . . . . . . . Parts Damaged . | . . . . . . . . . . . . . . . . . . . . . . . . Bothacking | -11 -10 -9 -9 -9 -9 -7 -7 -7 -6 -6 -6 -6 -5 -5 -5 -5 -5 -4 -4 -3 -3 -3 -3 ------------ Run | Yrd Mat Mat Sto Gar Rec Fac Gar Fac Fac Was Fac Gar Fac Gar Fac Upp Upp Fac Gar Res Gar Res Gar Used RIF Installer 8 | . . . . 2 . . 1 . . . . 1 . 1 . . . . 2 . 1 . . Signal Jammer 1 | . . . . . . . . . . . . . . 1 . . . . . . . . . Robot Detection 1 | . . . . . . . 1 . . . . . . . . . . . . . . . . Alert ID Control 1 | . . . . 1 . . . . . . . . . . . . . . . . . . . Program Shield 1 | . . . . . . . . . . . . 1 . . . . . . . . . . . Autooverride 2 | . . . . . . . . . . . . . . . . . . . 2 . . . . Crosswire 1 | . . . . . . . . . . . . . . . . . . . . . 1 . . Robots Hacked 64 | . . . . . . 2 4 . . . . . . 2 1 2 . 3 10 4 29 3 4 Non-combat 9 | . . . . . . 2 . . . . . . . . 1 . . 1 1 3 . . 1 Combat 55 | . . . . . . . 4 . . . . . . 2 . 2 . 2 9 1 29 3 3 Autooverrided 23 | . . . . . . . . . . . . . . . . . . . 2 1 15 3 2 Robot Hacks Applied 53 | . . . . . . 2 5 . . . . . . 2 1 2 . 4 8 5 22 . 2 parse_system 7 | . . . . . . . . . . . . . . . . . . . . . 7 . . find_garrison 2 | . . . . . . . . . . . . . . . . . . 1 . 1 . . . amplify_resonance 7 | . . . . . . . 1 . . . . . . 1 . . . . 2 . 3 . . disable_weapons 1 | . . . . . . . . . . . . . . . . . . . 1 . . . . go_dormant 2 | . . . . . . . 1 . . . . . . . . . . 1 . . . . . overwrite_iff 1 | . . . . . . . . . . . . . . . . 1 . . . . . . . streamctrl_high 2 | . . . . . . . . . . . . . . . . . . . . . 2 . . formatsys_low 5 | . . . . . . 1 . . . . . . . . . . . 1 1 2 . . . formatsys_high 26 | . . . . . . 1 3 . . . . . . 1 1 1 . 1 4 2 10 . 2 Relay Couplers Released 88 | . . . . 8 . . 16 . . . . 4 . 16 . . . . 13 4 23 . 4 Machine Destruction 73 | . . . . 5 . . 16 . . . . . . 12 . . . . 13 . 23 . 4 Programmers 15 | . . . . 3 . . . . . . . 4 . 4 . . . . . 4 . . . Attached 34 | . . . . . . 1 3 . . . . . . 4 . . . . 7 3 11 . 5 Crosswired 12 | . . . . . . . . . . . . . . . . . . . . . 11 . 1 Fabnet Peak Effective % . | . . . . . . . . . . . . . . . . . . . . . . . . Robots Rewired 35 | . . . . 4 23 . . . . . . 3 . 4 . 1 . . . . . . . Allies Hacked 2 | . . . . . . . . . . . . . . . . . . . . . . . 2 Hacks Repelled . | . . . . . . . . . . . . . . . . . . . . . . . . Allies | -11 -10 -9 -9 -9 -9 -7 -7 -7 -6 -6 -6 -6 -5 -5 -5 -5 -5 -4 -4 -3 -3 -3 -3 -------- Run | Yrd Mat Mat Sto Gar Rec Fac Gar Fac Fac Was Fac Gar Fac Gar Fac Upp Upp Fac Gar Res Gar Res Gar Total Allies 114 | . . . . 4 23 2 3 . . 19 . 5 . 7 1 3 . 2 7 4 27 3 4 Largest Group 24 | . . . . 3 23 24 2 . . 19 12 12 5 9 7 8 7 7 3 4 8 7 6 Highest-Rated Group 702 | . . . . 76 364 375 32 . . 702 466 466 257 657 518 567 480 480 209 177 351 302 300 Highest-Rated Ally 148 | . . . . 34 34 34 16 . . 50 50 95 95 148 140 140 140 140 140 49 64 64 64 Total Orders 8 | . . . . . . . . . . . . . . . . . . 3 1 1 3 . . AID 8 | . . . . . . . . . . . . . . . . . . 3 1 1 3 . . Ally Attacks 761 | . . . . 13 23 59 23 . . 66 1 112 19 77 1 51 10 82 84 13 81 15 31 Total Damage 29388 | . . . . 453 440 2658 220 . . 3474 . 4739 876 4163 27 1790 198 2503 2506 573 2465 335 1968 Kills 169 | . . . . 4 6 22 3 . . 9 . 29 5 28 2 11 1 14 9 2 12 6 6 Allies Corrupted 5 | . . . . . . 1 . . . . . 1 . 1 . . . 1 . . 1 . . Allies Melted 2 | . . . . . . . . . . . . . . . . . . . . . 1 . 1 Intel | -11 -10 -9 -9 -9 -9 -7 -7 -7 -6 -6 -6 -6 -5 -5 -5 -5 -5 -4 -4 -3 -3 -3 -3 ------- Run | Yrd Mat Mat Sto Gar Rec Fac Gar Fac Fac Was Fac Gar Fac Gar Fac Upp Upp Fac Gar Res Gar Res Gar Active Infowar (turns) 2258 | . . . . . . 54 511 . 29 84 254 982 . . . . . 256 88 . . . . Traps 1349 | . . . . . . . . . 29 84 254 982 . . . . . . . . . . . T.N.C. 565 | . . . . . . 54 511 . . . . . . . . . . . . . . . . Spoofing 344 | . . . . . . . . . . . . . . . . . . 256 88 . . . . Robot Analysis Total 1 | . . . . . 1 . . . . . . . . . . . . . . . . . . Derelict Logs Recovered 2 | . . . . . . . . . . . . . . . . 2 . . . . . . . Drone Launches . | . . . . . . . . . . . . . . . . . . . . . . . . Drone Recoveries . | . . . . . . . . . . . . . . . . . . . . . . . . Exploration | -11 -10 -9 -9 -9 -9 -7 -7 -7 -6 -6 -6 -6 -5 -5 -5 -5 -5 -4 -4 -3 -3 -3 -3 ------------- Run | Yrd Mat Mat Sto Gar Rec Fac Gar Fac Fac Was Fac Gar Fac Gar Fac Upp Upp Fac Gar Res Gar Res Gar Turns Passed 19467 | 55 463 193 60 1358 698 540 1372 653 799 810 254 1542 416 2067 543 1537 377 647 1470 651 2072 125 765 Spaces Moved 11881 | 37 233 107 29 968 393 453 1025 486 467 569 140 788 233 1086 256 875 182 305 907 417 1410 80 435 Core 340 | 1 . . . . . . . . 3 222 . . . . . . . . 1 . 12 . 101 Treads 4281 | . . . . . . . . . . 308 140 788 233 1086 256 875 182 305 108 . . . . Legs 4801 | 30 233 107 29 560 . . 690 486 301 . . . . . . . . . 798 417 875 80 195 Wheels 1595 | 6 . . . 408 393 453 335 . . . . . . . . . . . . . . . . Hover 586 | . . . . . . . . . 163 39 . . . . . . . . . . 245 . 139 Flight 278 | . . . . . . . . . . . . . . . . . . . . . 278 . . Fastest Speed 31 | 50 120 105 105 90 90 90 90 120 100 50 160 160 165 163 163 163 163 163 120 117 31 120 50 Average Speed 128 | 114 120 110 109 105 90 90 109 120 125 121 160 160 165 163 163 163 163 163 125 118 107 120 120 Slowest Speed 650 | 120 190 120 116 120 90 90 120 120 200 316 160 165 165 165 163 163 163 163 650 120 360 120 450 Overloaded Moves . | . . . . . . . . . . . . . . . . . . . . . . . . Propulsion Burnouts . | . . . . . . . . . . . . . . . . . . . . . . . . Robots Hopped 4 | . . . . . . . . . . . . . . . . . . . . . 4 . . Potential Cave-ins . | . . . . . . . . . . . . . . . . . . . . . . . . Cave-ins Triggered . | . . . . . . . . . . . . . . . . . . . . . . . . Exploration Rate (%) 38 | 3 45 12 9 92 70 18 81 8 13 92 5 67 5 86 6 94 20 12 68 10 72 4 30 Regions Visited 23 Branch Regions 4 Pre-discovered Areas . | . . . . . . . . . . . . . . . . . . . . . . . . Known Exits Taken 8 | . . . 1 . . 1 . 1 . . 1 . 1 . . . . 1 . 1 . 1 . Unknown Exits Taken 7 | 1 1 1 . . 1 . . . . . . . . . 1 1 1 . . . . . . Scrap Searched 2 | . . . . . . . . . . . . . . . . 1 1 . . . . . . Spaces Dug 42 | . . . . . . 1 5 2 8 . . . 4 14 . 8 . . . . . . . Terrain Destroyed 301 | . 3 . . . . 26 60 55 13 20 . 14 4 33 . 11 3 11 17 1 6 . 24 Melee 18 | . . . . . . 1 5 2 8 . . . 2 . . . . . . . . . . Projectile 115 | . . . . . . . . . 1 . . 9 2 33 . 11 3 11 16 1 4 . 24 AOE 167 | . 3 . . . . 25 55 53 4 20 . 5 . . . . . . . . 2 . . Terrain Rammed 2 | . . . . . . . 1 1 . . . . . . . . . . . . . . . Walls Destroyed . | . . . . . . . . . . . . . . . . . . . . . . . . Machines Disabled . | . . . . . . . . . . . . . . . . . . . . . . . . Actions | -11 -10 -9 -9 -9 -9 -7 -7 -7 -6 -6 -6 -6 -5 -5 -5 -5 -5 -4 -4 -3 -3 -3 -3 --------- Run | Yrd Mat Mat Sto Gar Rec Fac Gar Fac Fac Was Fac Gar Fac Gar Fac Upp Upp Fac Gar Res Gar Res Gar Total 14735 | 46 333 160 44 1156 690 526 1165 531 620 676 170 980 247 1265 381 964 256 407 1096 504 1846 104 568 Wait 1143 | . 29 31 . 44 47 3 13 12 91 76 19 43 . 51 120 25 70 56 73 34 244 18 44 Move 11856 | 36 232 106 28 967 392 453 1024 485 467 568 139 787 233 1085 255 874 181 305 906 417 1401 80 435 Hop 4 | . . . . . . . . . . . . . . . . . . . . . 4 . . Pick Up 70 | 2 8 3 1 5 3 6 7 6 2 1 1 6 . 3 . 1 . 3 6 . 6 . . Fast Attach 159 | 7 2 . . 7 1 5 13 2 7 11 4 5 . 7 . . 1 3 16 3 47 2 16 Attach 41 | . 1 3 . 3 2 6 4 . 8 . . . . . . . 1 1 4 2 3 . 3 Detach 18 | 1 . . . 1 . 1 . . 3 3 . . . . . . . 2 . . 4 . 3 Swap 92 | . 2 3 3 3 3 5 7 6 . 1 2 13 1 9 2 2 1 . 8 4 11 1 5 Drop 89 | . 4 3 4 7 2 2 3 3 . 11 4 15 . 1 . 1 . 3 4 1 18 1 2 Fire 656 | . 55 11 8 59 8 18 37 6 28 5 . 41 3 76 4 16 2 33 71 34 83 2 56 Melee 162 | . . . . 34 20 27 41 10 14 . . . 5 . . . . . . 5 6 . . Ram 2 | . . . . . . . 1 1 . . . . . . . . . . . . . . . Kick . | . . . . . . . . . . . . . . . . . . . . . . . . Crush 10 | . . . . . . . . . . . 1 . 5 . . . . 1 3 . . . . Escape Stasis 38 | . . . . 4 . . 14 . . . . . . . . . . . 2 . 16 . 2 Rewire 394 | . . . . 22 212 . 1 . . . . 70 . 33 . 45 . . 3 4 2 . 2 Trap 1 | . . . . . . . . . . . . . . . . . . . . . 1 . . Miscellaneous . | . . . . . . . . . . . . . . . . . . . . . . . . Route ------- -11/Scrapyard -10/Materials (discovered 2 exits: *Mat / [*Min]) -9/Materials -9/Storage -9/Garrison (discovered 3 exits: *Rec x3) -9/Recycling -7/Factory -7/Garrison (discovered 3 exits: [*Fac x3]) -7/Factory -6/Factory -6/Waste -6/Factory -6/Garrison (discovered 4 exits: *Fac x3 / [Fac]) -5/Factory -5/Garrison (discovered 4 exits: [*Fac x4]) -5/Factory -5/Upper Caves -5/Upper Caves -4/Factory (discovered 3 exits: Res / Upp / Gar) -4/Garrison (discovered 2 exits: *Res x2) -3/Research (discovered 2 exits: [*Qua] / Gar) -3/Garrison (discovered 3 exits: *Res x3) -3/Research -3/Garrison History --------- Turn | Location | Event 30 | -11/Scrapyard | Discovered new exit (range 15) 56 | -11/Scrapyard | Entered Materials 273 | -10/Materials | Discovered new exit (range 16) 314 | -10/Materials | Core integrity fell below 50% 315 | -10/Materials | Build established: Mutant 454 | -10/Materials | Discovered new exit (range 16) 519 | -10/Materials | Entered another Materials area 519 | -9/Materials | Evolved 2 slots: Propulsion x2 668 | -9/Materials | Discovered new exit (range 13) 712 | -9/Materials | Entered Storage 771 | -9/Storage | Identified exit to Garrison 772 | -9/Storage | Entered Garrison 824 | -9/Garrison | Triggered checkpoint 1008 | -9/Garrison | Lost 3 parts (1p1n1w) 1162 | -9/Garrison | Triggered checkpoint 1330 | -9/Garrison | Discovered new exit (range 12) 1350 | -9/Garrison | Learned Recycling security intel 1354 | -9/Garrison | Triggered checkpoint 1618 | -9/Garrison | Triggered checkpoint 1775 | -9/Garrison | Garrison Relay disabled 1794 | -9/Garrison | Discovered new exit (range 10) 1801 | -9/Garrison | Installed Relay Interface Framework 1898 | -9/Garrison | Discovered new exit (range 10) 1923 | -9/Garrison | Expanded RIF knowledge: Alert ID Control 1969 | -9/Garrison | Discovered new exit (range 58) 1969 | -9/Garrison | Discovered new exit (range 24) 1969 | -9/Garrison | Discovered new exit (range 46) 2015 | -9/Garrison | Build established: Scavenger-Mutant 2130 | -9/Garrison | Entered Recycling 2130 | -9/Recycling | Accompanied by 3 allies 2278 | -9/Recycling | Lost 3 parts (1p1n1u) 2569 | -9/Recycling | Build established: Commander-Mutant 2617 | -9/Recycling | Discovered new exit (range 7) 2828 | -9/Recycling | Entered Factory 2828 | -7/Factory | Accompanied by 23 allies 2828 | -7/Factory | Evolved 4 slots: Utility x3, Weapon x1 2880 | -7/Factory | Identified exit to Garrison 2926 | -7/Factory | Lost 11 allies 2931 | -7/Factory | Lost 3 parts (1p1n1w) 3053 | -7/Factory | Lost 4 allies 3317 | -7/Factory | Garrison activated, responded to threat 3368 | -7/Factory | Identified exit to Garrison 3368 | -7/Factory | Entered Garrison 3394 | -7/Garrison | Triggered checkpoint 3514 | -7/Garrison | Garrison Relay disabled 3531 | -7/Garrison | Triggered checkpoint 3568 | -7/Garrison | Build established: Scavenger-Mutant 3597 | -7/Garrison | Garrison Relay disabled 3664 | -7/Garrison | Triggered checkpoint 3734 | -7/Garrison | Triggered checkpoint 3752 | -7/Garrison | Core integrity fell below 50% 3780 | -7/Garrison | Discovered new exit (range 15) 3783 | -7/Garrison | Lost 4 parts (1p2n1w) 3826 | -7/Garrison | Triggered checkpoint 3871 | -7/Garrison | Lost 3 parts (1n2w) 3887 | -7/Garrison | Garrison Relay disabled 4008 | -7/Garrison | Core integrity fell below 20% 4104 | -7/Garrison | Triggered checkpoint 4218 | -7/Garrison | Discovered new exit (range 12) 4326 | -7/Garrison | Garrison Relay disabled 4553 | -7/Garrison | Discovered new exit (range 15) 4566 | -7/Garrison | Expanded RIF knowledge: Robot Detection 4740 | -7/Garrison | Entered Factory 5067 | -7/Factory | Discovered new exit (range 11) 5392 | -7/Factory | Identified exit to Factory 5393 | -7/Factory | Entered another Factory area 5393 | -6/Factory | Evolved 2 slots: Utility x2 5757 | -6/Factory | Lost 3 parts (1p2w) 5940 | -6/Factory | System corruption reached 10% 5955 | -6/Factory | Lost 11 parts (1p3n3u4w) 6174 | -6/Factory | Build established: Mutant 6192 | -6/Factory | Sucked down chute 6192 | -6/Factory | Entered Waste 6202 | -6/Waste | Spotted C-40 Crusher 6210 | -6/Waste | Crushed by Compactor (1 part destroyed, 1 dropped) 6211 | -6/Waste | Core integrity fell below 50% 6213 | -6/Waste | Crushed by Compactor (1 part destroyed, 2 dropped) 6216 | -6/Waste | Spotted C-40 Crusher 6244 | -6/Waste | Lost 3 parts (2n1u) 6253 | -6/Waste | Crushed by Compactor (1 part destroyed) 6260 | -6/Waste | Spotted C-40 Crusher 6266 | -6/Waste | Spotted C-40 Crusher 6269 | -6/Waste | Spotted C-40 Crusher 6275 | -6/Waste | Spotted C-40 Crusher 6283 | -6/Waste | Discovered new exit (range 11) 6346 | -6/Waste | Warlord forces began an assault 6382 | -6/Waste | Allies destroyed C-40 Crusher 6390 | -6/Waste | Allies destroyed C-40 Crusher 6392 | -6/Waste | Allies destroyed C-40 Crusher 6394 | -6/Waste | Allies destroyed C-40 Crusher 6398 | -6/Waste | Allies destroyed C-40 Crusher 6404 | -6/Waste | Found Damper Plating 6409 | -6/Waste | Destroyed C-40 Crusher 6428 | -6/Waste | Lost 7 allies 6585 | -6/Waste | Found Damper Plating 6855 | -6/Waste | Build established: Tank 7002 | -6/Waste | Entered Factory 7002 | -6/Factory | Accompanied by 12 allies 7201 | -6/Factory | Identified exit to Garrison 7256 | -6/Factory | Entered Garrison 7256 | -6/Garrison | Accompanied by 12 allies 7288 | -6/Garrison | Triggered checkpoint 7323 | -6/Garrison | Lost 3 allies 7342 | -6/Garrison | Triggered checkpoint 7521 | -6/Garrison | Heavy support dispatched to Factory 7604 | -6/Garrison | Triggered checkpoint 7637 | -6/Garrison | Build established: Scavenger-Tank 7656 | -6/Garrison | Triggered checkpoint 7657 | -6/Garrison | Triggered checkpoint 7704 | -6/Garrison | Triggered checkpoint 7706 | -6/Garrison | Lost 3 allies 7708 | -6/Garrison | Triggered checkpoint 7783 | -6/Garrison | Discovered new exit (range 10) 7810 | -6/Garrison | Triggered checkpoint 7843 | -6/Garrison | Discovered new exit (range 71) 7843 | -6/Garrison | Discovered new exit (range 25) 7843 | -6/Garrison | Discovered new exit (range 33) 7843 | -6/Garrison | Discovered new exit (range 45) 7873 | -6/Garrison | Found embedded Infiltrators 8000 | -6/Garrison | Triggered checkpoint 8044 | -6/Garrison | Expanded RIF knowledge: Program Shield 8132 | -6/Garrison | Triggered checkpoint 8430 | -6/Garrison | Spotted B-75 Beast 8447 | -6/Garrison | Allies destroyed B-75 Beast 8486 | -6/Garrison | Found Gamma Bomb Array 8672 | -6/Garrison | H-XX Assembler disabled 8798 | -6/Garrison | Entered Factory 8798 | -5/Factory | Accompanied by 5 allies 8798 | -5/Factory | Evolved 2 slots: Power x1, Propulsion x1 9029 | -5/Factory | Build established: Tank 9214 | -5/Factory | Identified exit to Garrison 9214 | -5/Factory | Entered Garrison 9214 | -5/Garrison | Accompanied by 5 allies 9236 | -5/Garrison | Triggered checkpoint 9290 | -5/Garrison | Triggered checkpoint 9312 | -5/Garrison | Garrison Relay disabled 9339 | -5/Garrison | Build established: Mutant 9758 | -5/Garrison | Learned Factory security intel 9895 | -5/Garrison | Build established: Scavenger-Mutant 9924 | -5/Garrison | Triggered checkpoint 9982 | -5/Garrison | Triggered checkpoint 10038 | -5/Garrison | Triggered checkpoint 10052 | -5/Garrison | Discovered new exit (range 5) 10140 | -5/Garrison | Discovered new exit (range 12) 10144 | -5/Garrison | Spotted B-75 Beast 10145 | -5/Garrison | Destroyed B-75 Beast 10147 | -5/Garrison | Spotted B-86 Titan 10152 | -5/Garrison | Allies destroyed B-86 Titan 10165 | -5/Garrison | Rewired B-90 Cyclops 10384 | -5/Garrison | Expanded RIF knowledge: Signal Jamming 10386 | -5/Garrison | Triggered checkpoint 10419 | -5/Garrison | Found embedded Infiltrators 10479 | -5/Garrison | Build established: Scavenger-Tank 10514 | -5/Garrison | Triggered checkpoint 10561 | -5/Garrison | Discovered new exit (range 12) 10608 | -5/Garrison | Triggered checkpoint 10872 | -5/Garrison | Discovered new exit (range 13) 10892 | -5/Garrison | Triggered checkpoint 10919 | -5/Garrison | Garrison Relay disabled 11112 | -5/Garrison | Triggered checkpoint 11141 | -5/Garrison | Garrison Relay disabled 11281 | -5/Garrison | Entered Factory 11281 | -5/Factory | Accompanied by 6 allies 11445 | -5/Factory | Build established: Bothacker-Tank 11502 | -5/Factory | Discovered new exit (range 14) 11581 | -5/Factory | First assault squad dispatched 11824 | -5/Factory | Entered Upper Caves 11824 | -5/Upper Caves | Accompanied by 7 allies 11926 | -5/Upper Caves | Learned location of 1 exit from Factory 11983 | -5/Upper Caves | Learned location of 1 exit from Factory 11991 | -5/Upper Caves | Attracted the attention of an 0b10 checkpoint 12772 | -5/Upper Caves | Attracted the attention of an 0b10 outpost 13198 | -5/Upper Caves | Spotted B-75 Beast 13213 | -5/Upper Caves | Destroyed B-75 Beast 13333 | -5/Upper Caves | Discovered new exit (range 3) 13361 | -5/Upper Caves | Entered another Upper Caves area 13361 | -5/Upper Caves | Accompanied by 7 allies 13375 | -5/Upper Caves | Found Alien Artifact 13375 | -5/Upper Caves | Identified Core Expander 13375 | -5/Upper Caves | Installed Core Expander, added new Weapon slot 13647 | -5/Upper Caves | Discovered new exit (range 5) 13738 | -5/Upper Caves | Entered Factory 13738 | -4/Factory | Accompanied by 7 allies 13738 | -4/Factory | Evolved 2 slots: Utility x2 13739 | -4/Factory | Identified exit to Research 13739 | -4/Factory | Identified exit to Upper Caves 14310 | -4/Factory | Build established: Bothacker-Gunner 14385 | -4/Factory | Identified exit to Garrison 14385 | -4/Factory | Entered Garrison 14385 | -4/Garrison | Accompanied by 2 allies 14409 | -4/Garrison | Triggered checkpoint 14537 | -4/Garrison | Expanded RIF knowledge: Autooverride 14597 | -4/Garrison | Spotted B-86 Titan 14605 | -4/Garrison | Triggered checkpoint 14624 | -4/Garrison | Allies destroyed B-86 Titan 14655 | -4/Garrison | System corruption reached 10% 14703 | -4/Garrison | Lost 12 parts (2p3n3u4w) 14732 | -4/Garrison | Discovered exit to Research (range 15) 14764 | -4/Garrison | Learned Research security intel 14949 | -4/Garrison | Garrison Relay disabled 15033 | -4/Garrison | Triggered checkpoint 15259 | -4/Garrison | Build established: Botlord-Gunner 15286 | -4/Garrison | Expanded RIF knowledge: Autooverride 15311 | -4/Garrison | Discovered exit to Research (range 10) 15391 | -4/Garrison | Triggered checkpoint 15404 | -4/Garrison | Garrison Relay disabled 15507 | -4/Garrison | Triggered checkpoint 15555 | -4/Garrison | Triggered checkpoint 15603 | -4/Garrison | Triggered checkpoint 15631 | -4/Garrison | Garrison Relay disabled 15695 | -4/Garrison | Core integrity fell below 50% 15855 | -4/Garrison | Entered Research 15855 | -3/Research | Accompanied by 3 allies 15855 | -3/Research | Evolved 2 slots: Propulsion x1, Utility x1 15864 | -3/Research | Discovered new exit (range 12) 16428 | -3/Research | Lost 3 parts (3u) 16506 | -3/Research | Identified exit to Garrison 16506 | -3/Research | Entered Garrison 16506 | -3/Garrison | Accompanied by 4 allies 16524 | -3/Garrison | Triggered checkpoint 16526 | -3/Garrison | Expanded RIF knowledge: Crosswire 16557 | -3/Garrison | Garrison Relay disabled 16672 | -3/Garrison | Triggered checkpoint 16682 | -3/Garrison | System corruption reached 10% 16685 | -3/Garrison | P-80 Master assimilated allied Artificer 8a 16710 | -3/Garrison | Lost 3 allies 16760 | -3/Garrison | Lost 11 parts (1p6n1u3w) 16914 | -3/Garrison | Spotted B-86 Titan 16974 | -3/Garrison | Triggered checkpoint 16989 | -3/Garrison | Discovered new exit (range 12) 17003 | -3/Garrison | Triggered checkpoint 17038 | -3/Garrison | Triggered checkpoint 17052 | -3/Garrison | Garrison Relay disabled 17070 | -3/Garrison | Lost 5 parts (1p4n) 17070 | -3/Garrison | Lost 5 allies 17308 | -3/Garrison | Triggered checkpoint 17339 | -3/Garrison | Lost 5 parts (2n3w) 17367 | -3/Garrison | Lost 7 allies 17403 | -3/Garrison | Lost 5 parts (3n1u1w) 17543 | -3/Garrison | Destroyed B-86 Titan 17555 | -3/Garrison | System corruption reached 30% 17568 | -3/Garrison | Found Hvy. Reflective Plating 17810 | -3/Garrison | Discovered new exit (range 8) 17817 | -3/Garrison | Build established: Scavenger-Gunner 17826 | -3/Garrison | Spotted B-90 Cyclops 17874 | -3/Garrison | Triggered checkpoint 17970 | -3/Garrison | Garrison Relay disabled 18150 | -3/Garrison | Triggered checkpoint 18176 | -3/Garrison | Garrison Relay disabled 18274 | -3/Garrison | Discovered new exit (range 12) 18284 | -3/Garrison | Build established: Botlord-Gunner 18366 | -3/Garrison | Triggered checkpoint 18380 | -3/Garrison | Garrison Relay disabled 18413 | -3/Garrison | Rescued a captive Derelict 18414 | -3/Garrison | Rescued a captive Derelict 18578 | -3/Garrison | Entered Research 18578 | -3/Research | Accompanied by 5 allies 18694 | -3/Research | Identified exit to Garrison 18703 | -3/Research | Entered Garrison 18703 | -3/Garrison | Accompanied by 4 allies 18737 | -3/Garrison | Triggered checkpoint 18758 | -3/Garrison | Garrison Relay disabled 18880 | -3/Garrison | Spotted B-86 Titan 18883 | -3/Garrison | Triggered checkpoint 18909 | -3/Garrison | Triggered checkpoint 18919 | -3/Garrison | Core integrity fell below 50% 18919 | -3/Garrison | Allies destroyed B-86 Titan 18959 | -3/Garrison | Lost 8 allies 18976 | -3/Garrison | Lost 14 parts (1p4n5u4w) 19139 | -3/Garrison | Core integrity fell below 20% 19185 | -3/Garrison | Lost 5 parts (1p2n2w) 19462 | -3/Garrison | Triggered checkpoint 19468 | -3/Garrison | Destroyed by G-67 Veteran with Plasma Rifle Last Messages --------------- 19433_ G-67 Veteran suffers critical hit (Blast). 19433_ Destroyed Adv. Heat Sink. 19433_ G-67 Veteran destroyed. 19436_ Acquired 7 matter. 19437_ Acquired 15 matter. 19440_ Acquired 4 matter. 19443_ Acquired 56 matter. 19444_ Acquired 52 matter. 19446_ System corrupted: FCS attempts to trigger Hvy. Assault Cannon. 19446_ System corrupted: Hvy. Assault Cannon misfires. 19448_ Slug penetrates Wall. 19458_ Acquired 5 matter. 19460_ Acquired 48 matter. 19462_ Beams of light sweep through the air. An alarm sounds. 19463_ Imp. Antigrav System destroyed. 19464_ System corrupted: Matter fused (-10). 19465_ Hvy. Assault Cannon destroyed. 19465_ Imp. Antigrav System destroyed. 19466_ Dropped Field Laser. Map ----- +----------------------------------------------------+ | ??????????????????????????????????????????????# ! | | ??????????????????????????????????????????????## | | ??????????????????????????????????????????????#"" | | ??????????????????????????????????????????????#### | | ?????????????????????????????????????????????????? | | ?????????????????????????????????????????????????? | | ?????????????????????????????????????????????????? | | ????????????????????????????????????????????????## | | ????????????????????????????????????????????????# | | ????????????????????????????????????????????????# | | ???????????????????????? ??????????????????????# | | ???????????????????????? ??????????????????????# | | ???????????????????????? ??????????????????????# | | ???????????????????????# ??????????????????????# | | ???????????????????????# ??????????????????????# | | ???????????????????????# ??????????????????????# | | ???????????????????????" ???????################ | | ???????????????????????" #??????# | | ???????????????????????" #??????# % | | ???????????????????????# #??????# ############"# | | ???????????????????????# #??????# #??????????### | | ???????????????????????# #??????# #????????????? | | ???????????????????????# #??????# #????????????? | | ???????????????????????# #??????# ###??????????? | | ???????????????????????# ########*=# #??????????? | | ???????????????????????# @ # #* %"#???????????? | | ????????????????????#### # # = "###?????????? | | ????????????????#####"; *% %" #?????????? | | ????????????# % [ ! ###?????????? | | ????????????# #???????????? | | ????????????#########; #???????????? | | ????????????????????### ###?????????? | | ????????????????????# g d #?????????? | | ????????????????????# % #?????????? | | ????????????????????# #?????????? | | ?????????????????? " [![^ #?????????? | | ?????????????????# #### [%## # ###?????????? | | ?????????????????#????# %!?# ## #???????????? | | ??????????????????????# ? ? ??????????? | | ??????????????????????# ? ?????????? | | ??????????????????????# ####????????? | | ??????????????????????## ##""""##T###???????????? | | ???????????????????????# ????????#??????????????? | | ???????????????????????# ????????????????????????? | | ?????????????Y?????????# ????????????????????????? | | ?????????????????????????????????????????????????? | | ?????????????????????????????????????????????????? | | ?????????????????????????????????????????????????? | | ?????????????????????????????????????????????????? | | ?????????????????????????????????????????????????? | +----------------------------------------------------+ Best States ------------- Heat Dissipation 84 Coolant Potential 100 Energy Generation 37 Energy Capacity 550 Matter Stores 300 Matter Capacity 300 Sight Range 16 Terrain Scan Density 110 Armor Coverage 1760 Resistance: TH 25 Resistance: EM 90 Weapon Cycling 30 Evasion (%) 63 Targeting Accuracy 6 Melee Accuracy 6 Launcher Accuracy 30 Target Analysis 8 Core Analysis 6 Recoil Reduction 5 Particle Charging 15 Kinecelleration 40 Force Boost 30 Relay Coupler Types 8 Relay Coupler Value 160 Item Schematics ----------------- None Robot Schematics ------------------ None Fabricated ------------ Nothing Repaired ---------- Nothing Studied --------- Spread Laser | -9/Materials | Hacked Aluminum Leg | -9/Materials | Hacked Alien Tech Used ----------------- Core Expander Achievements -------------- Hackathon My Bad Plot Armor Challenges ------------ None Game ------ Seed InterceptArchitectProtection Manual? 0 Play Time 02:26:40 Cumulative 195.4 hours Start 2026.04.18 @ 18:29:02 End 2026.04.19 @ 14:11:44 Sessions 3 Manual Loads 0 Difficulty Rogue Special Mode None Game No. 325 Rogue 325 Adventurer 0 Explorer 0 Win Type - Total 2 Types 2/0/0/0/0/0/0/0/0/0 Lore% 61 Gallery% 60 Achievement% 46 Wizard Run 0 Options --------- Layout 2 ASCII 0 Keyboard 1 Movement Numpad Keybinds 0 Fullscreen 1 Font 20/SmallcapsGlow Map View 64x51 Zoom Use 0% Tactical HUD 1 Map Filters NONE Filters NONE Steam 1 RUN: 1f6f03de-95cf-4009-8e93-95c88dd55500